[Event "HUN Women vs Morgan Stanley 2022"]
[Site "Budapest"]
[Date "2022.06.27"]
[Round "3.2"]
[White "Tomosvary, Attila"]
[Black "Gara, Ticia"]
[Result "0-1"]
[ECO "B23"]
[WhiteElo "2140"]
[BlackElo "2367"]
[Annotator "TA"]
[PlyCount "94"]
[EventDate "2022.06.27"]
[EventType "schev"]
[EventCountry "HUN"]
[SourceTitle "playchess.com"]
[Source "ChessBase"]
[SourceQuality "1"]
[TimeControl "900+2"]

1. e4 c5 2. Nc3 Nc6 3. f4 g6 4. Nf3 Bg7 5. Bb5 Nd4 6. O-O Nxb5 7. Nxb5 d6 8. d3 Nf6 {[%emt 0:00:16] 8...a6 is more fashionable.} 9. c4 {[%emt 0:00:23] B23: Closed Sicilian: Lines without g3.} O-O 10. Qe1 a6 11. Nc3 {[%emt 0:00:03] The position is equal.} b5 12. Qh4 bxc4 13. dxc4 Bb7 14. f5 $1 {[%emt 0:00:33] [#]} Qd7 $146 (14... gxf5 $14 15. Bh6 Bxh6 16. Qxh6 Ng4) ({Predecessor:} 14... Qb6 15. Nd5 Bxd5 16. exd5 Rab8 17. Rf2 Qa5 18. Bd2 Qa4 19. fxg6 fxg6 20. Bc3 h6 {1-0 (41) Roque,M-Pacis,A (2289) Manila 2006}) 15. Bh6 $1 $16 Nh5 16. Bxg7 Kxg7 17. Ng5 h6 18. Nf3 (18. Nh3 $1 $16) 18... Nf6 (18... e6 $11) 19. Rae1 (19. e5 dxe5 20. Nxe5 (20. fxg6 e4 $15) 20... Qd2 $11) 19... e6 20. fxe6 fxe6 21. Rd1 Qc6 (21... Nh5 $16 {might work better.}) 22. Rfe1 (22. Qg3 $6 Rad8 $14) (22. e5 $1 $18 dxe5 23. Qg3) 22... Rad8 (22... e5 $1 $11) 23. Rd2 $2 ({Only move:} 23. e5 $18 dxe5 24. Rxd8 Rxd8 25. Ne4 $1 Qxe4 26. Rxe4 Bxe4 27. Qe1 (27. Nxe5 Rd1+ 28. Kf2 Bf5 $16)) 23... a5 $2 (23... Qc7 $11) 24. b3 $2 (24. e5 $18 dxe5 25. Nxe5) 24... a4 (24... g5 $14 25. Qf2 e5) 25. bxa4 ({White should try} 25. e5 $16 dxe5 26. Nxe5) 25... Qa6 26. Nb5 $1 {[%emt 0:00:19] Threatens to win with Nc7.} (26. e5 $6 dxe5 27. Rxe5 (27. Rxd8 Rxd8 28. Nxe5 Rd2 $11) 27... Bxf3 28. Rxd8 Rxd8 $11) 26... Qc6 {[%emt 0:00:57] Prevents Nc7.} (26... g5 $2 27. Nxg5 $1 hxg5 28. Qxg5+ Kh8 29. Qh6+ Nh7 30. Nc7 $18 (30. Qxe6 Qa5 $16)) (26... e5 $16 {is a better defense.}) 27. Rde2 (27. e5 $18 {and the rest is easy.} dxe5 28. Rb2 (28. Nxe5 Rxd2 29. Nxc6 Bxc6 $11)) 27... Ra8 $2 (27... e5 $16) 28. e5 $18 dxe5 (28... Nh7 29. Nxd6 (29. exd6 Rxf3 30. gxf3 Ng5 $16) 29... Qc7) 29. Rxe5 $2 (29. Nxe5 Qe8 30. Nc7) 29... Rae8 30. Qh3 Bc8 (30... Nh5 $142 31. Rxh5 (31. Rxe6 Nf4 $18) 31... gxh5) 31. Nh4 {[%emt 0:00:15] Qd3 is the strong threat. Pair of Knights!} g5 32. Qg3 Re7 $2 {[%emt 0:00:03] [#]} (32... Rd8 33. Nf3 Qb7 34. Rxc5 Qb6 35. Qc7+ Qxc7 36. Rxc7+ Rf7) 33. Nc3 $2 (33. Rxg5+ $1 $18 {[%mdl 512] is the precise move to win.} hxg5 34. Qxg5+ Kh7 35. Qg6+ Kh8 36. Qh6+ Kg8 37. Ng6) 33... Bb7 $2 {[%emt 0:00:00] [#]} (33... Rb7 $16 34. Nb5 Qb6) 34. Nd5 $1 Nxd5 35. cxd5 {[%emt 0:00:02] Intending Rxg5+ and mate.} ({Weaker is} 35. Rxd5 Rd7 36. Qc3+ Rf6 37. Rxd7+ Qxd7 $11) 35... Qxa4 {[%emt 0:00:03] [#]} 36. Rxe6 $4 (36. Rxg5+ $1 {[%mdl 512] mates} hxg5 37. Qxg5+ Kh7 38. Qxe7+ Kg8 39. Qxe6+ Rf7 40. Nf5 Kf8 41. Qd6+ Kg8 42. Qg6+ Kf8 43. Nh6) 36... Qd4+ $2 {[%emt 0:00:04] Really sharp!} ({Black should play} 36... Rxe6 $19 37. dxe6 Qxh4 38. Qxh4 gxh4) 37. Kh1 $11 Ref7 {[%emt 0:00:02] ( -> ...Rf1+)} 38. Nf3 Qxd5 $40 {[%cal Rf7f3][%mdl 128] White must now prevent ...Rxf3. Black has some attack.} (38... Bxd5 {is more complex.} 39. Re7 Qf4 40. Qxf4 gxf4 41. R7e2 c4) 39. Qe5+ ({Of course not} 39. Qh3 Rf6 40. a4 Bc6 $15) (39. Rd6 $11 {keeps the balance.} Qf5 40. Re5 Qb1+ 41. Re1) 39... Qxe5 $17 40. R6xe5 Bxf3 ({Better is} 40... g4 $17 41. Nd2 Rf2) 41. gxf3 $11 Rxf3 42. Rxc5 $17 {[%emt 0:00:07][%mdl 4096] Endgame KRR-KRR} Rf2 43. Rc7+ Kg6 44. Rc6+ Kh5 45. Kg1 Rxa2 46. Rf1 $2 {[%emt 0:00:01][%mdl 8192] [#]} (46. Re3 $11) 46... Rxf1+ $1 47. Kxf1 Rxh2 {[%emt 0:00:00] Black used his chance.  Weighted Error Value: White=0.93/Black=0.74} 0-1

[Event "HUN Women vs Morgan Stanley 2022"]
[Site "Budapest"]
[Date "2022.06.27"]
[Round "3.3"]
[White "Gaal, Zsoka"]
[Black "Novaky, Csaba"]
[Result "1-0"]
[ECO "A05"]
[WhiteElo "2323"]
[BlackElo "2091"]
[Annotator "TA"]
[PlyCount "81"]
[EventDate "2022.06.27"]
[EventType "schev"]
[EventCountry "HUN"]
[SourceTitle "playchess.com"]
[Source "ChessBase"]
[SourceQuality "1"]
[TimeControl "900+2"]

1. Nf3 Nf6 2. b3 d5 3. g3 c5 4. Bg2 Nc6 5. Bb2 e6 6. O-O Bd6 7. d4 O-O 8. c4 {[%emt 0:00:32] D02: 1 d4 d5 2 Nf3 sidelines, including 2...Nf6 3 g3 and 2...Nf6 3 Bf4.} cxd4 (8... dxc4 {is more complex.} 9. dxc5 Bxc5 10. Qc1 Bd7) 9. cxd5 Nxd5 10. Nxd4 {[%emt 0:00:05] [#] White is slightly better.} Nxd4 $146 (10... Qf6 $14) ({Predecessor:} 10... Be7 11. Nxc6 bxc6 12. e4 Nb4 13. Qc1 Ba6 14. Rd1 Qb6 15. Qc3 Bf6 16. e5 Be7 {1-0 (35) Gombocz,F (2295)-Tharushi,T (1712) Chess.com INT 2021}) 11. Bxd4 Be7 12. Nc3 Nxc3 13. Bxc3 Bf6 14. Qxd8 Rxd8 (14... Bxd8 $142 15. Rfd1 Be7) 15. Rfd1 ({Better is} 15. Bxf6 gxf6 16. Rfd1) 15... Re8 (15... Rxd1+ $142 16. Rxd1 Be7) 16. Rac1 (16. Bxf6 $142 gxf6 17. Rac1) 16... Bxc3 17. Rxc3 e5 {[%emt 0:00:31] [#]} 18. Rc7 $1 {[%emt 0:00:26] White is more active.} Rb8 (18... Kf8 $16 19. Bxb7 Bxb7) 19. Bd5 $18 Rf8 20. Rdc1 {[%emt 0:00:13][%cal Oc7f7] aiming for Rxf7!} Bg4 (20... Be6 $142) 21. f3 (21. Bxb7 Bxe2 22. Re1 Bg4 23. Rxe5 Be6) 21... Be6 22. Bxe6 ({Don't do} 22. Bxb7 Rbd8 23. Ba6 Rd2) 22... fxe6 {[%emt 0:00:01][%mdl 4096] Endgame KRR-KRR} 23. Re7 {[%emt 0:00:01] [#] Threatens to win with Rcc7.} Rfc8 24. Rxc8+ Rxc8 25. Rxb7 {[%emt 0:00:04] KR-KR} a5 26. Rb5 a4 (26... Rc2 $142 27. Rxe5 (27. Rxa5 Rxe2 28. a4 h6 $18) 27... Rxa2 28. Rxe6 Kf7) 27. Rxe5 ({Resist} 27. bxa4 e4 28. fxe4 Rc4 $18) 27... axb3 28. axb3 Rc3 29. b4 Rb3 30. Re4 Kf7 31. Kf2 Kf6 32. h4 e5 33. g4 h6 34. h5 Rb2 35. Ke1 Rb3 $2 (35... Ke6 36. f4 Kf7 37. Rxe5 Rxb4 38. Rf5+ Ke6) 36. Kd2 {[%emt 0:00:02] White is clearly winning.} Rb2+ 37. Kc3 Rb1 38. Kc4 Ke6 39. f4 Rc1+ 40. Kb5 Kd6 41. Rxe5 {[%emt 0:00:04] Weighted Error Value: White=0.15 (very precise) /Black=0.34} 1-0

[Event "HUN Women vs Morgan Stanley 2022"]
[Site "Budapest"]
[Date "2022.06.27"]
[Round "3.4"]
[White "Torma, Robert"]
[Black "Lazarne Vajda, Szidonia"]
[Result "1-0"]
[ECO "D10"]
[WhiteElo "2421"]
[BlackElo "2313"]
[Annotator "TA"]
[PlyCount "73"]
[EventDate "2022.06.27"]
[EventType "schev"]
[EventCountry "HUN"]
[SourceTitle "playchess.com"]
[Source "ChessBase"]
[SourceQuality "1"]
[TimeControl "900+2"]

1. d4 d5 2. c4 c6 3. cxd5 cxd5 4. Bf4 Nc6 5. e3 e6 6. Nc3 {[%emt 0:00:12] D10: Slav Defence: 3 cxd5 (without early Nf3) and 3 Nc3.} Bd6 {[%emt 0:00:41] 6...Bd6 scores better than 6...Nf6.} 7. Bg3 Nf6 8. Bd3 {[%emt 0:00:03] White has an edge.} Bxg3 9. hxg3 e5 10. dxe5 $1 Nxe5 {[%emt 0:00:03] [#]} 11. Nf3 $146 ({Predecessor:} 11. Bc2 Be6 12. Nge2 Qb6 13. Rb1 Rd8 14. Nd4 Nc6 15. Nxe6 fxe6 16. g4 d4 17. exd4 Qxd4 18. Qe2 Qxg4 19. Qxg4 Nxg4 20. Rxh7 Rxh7 21. Bxh7 Nf6 {½-½ (21) Marn,J (2035)-Kersic,M (2137) Nova Gorica 2018}) 11... Nxd3+ 12. Qxd3 Be6 13. Rd1 Qb6 14. Nd4 O-O-O 15. Qb5 Qxb5 16. Ncxb5 {[%emt 0:00:03] Pair of Knights!} a6 17. Nc3 h6 18. f3 Rhe8 19. Kf2 Kb8 20. Nde2 Nd7 (20... h5 $14) 21. Nf4 Nb6 22. Rd4 g5 ({Better is} 22... Rc8 $14) 23. Nxe6 $16 {[%emt 0:00:17] White is more active.} Rxe6 24. e4 Red6 {[%emt 0:00:16] [#]} 25. Rhd1 $1 Kc7 26. exd5 (26. Nxd5+ Nxd5 27. exd5 f5 $16) 26... f5 27. a4 Re8 (27... Nc8 $16 28. Re1 Rb6) 28. g4 fxg4 29. Ne4 (29. fxg4 $6 Rf6+ 30. Kg1 Nd7 $16) 29... Rg6 (29... Rdd8 {was called for.} 30. Nf6 (30. fxg4 Rxd5 31. Nc3 Rxd4 $11) 30... Rf8) 30. d6+ $18 ({Stronger than} 30. fxg4 Nxd5 31. Kf3 Rge6 $11) 30... Kb8 31. d7 ({Weaker is} 31. fxg4 Nd7 $16) 31... Rd8 (31... Nxd7 $142 32. Rxd7 Rb6) 32. a5 Na8 33. fxg4 Nc7 34. Nc5 (34. Rd6 $142 Rxd6 35. Rxd6) 34... Rg7 {[%emt 0:00:06] [#]} (34... Rc6) 35. Rd6 {[%emt 0:00:04] White is clearly winning.} Rf7+ 36. Kg3 Re7 37. Rb6 {Weighted Error Value: White=0.16 (very precise) /Black=0.26 (precise)} 1-0

[Event "HUN Women vs Morgan Stanley 2022"]
[Site "Budapest"]
[Date "2022.06.27"]
[Round "3.5"]
[White "Terbe, Julianna"]
[Black "Lizak, Peter"]
[Result "0-1"]
[ECO "A43"]
[WhiteElo "2304"]
[BlackElo "2400"]
[Annotator "TA"]
[PlyCount "76"]
[EventDate "2022.06.27"]
[EventType "schev"]
[EventCountry "HUN"]
[SourceTitle "playchess.com"]
[Source "ChessBase"]
[SourceQuality "1"]
[TimeControl "900+2"]

1. d4 Nf6 2. Nf3 c5 3. d5 b5 4. c3 Bb7 5. e4 Nxe4 6. Bxb5 {[%emt 0:00:02] A43: Schmid Benoni.} Nd6 7. Be2 e6 8. c4 {[%emt 0:00:34] [#] White is slightly better.} exd5 $146 ({Predecessor:} 8... Be7 9. Nc3 O-O 10. O-O Bf6 11. Bf4 Nf5 12. Ne4 exd5 13. Nxc5 Qc8 14. Nxb7 Qxb7 15. Qxd5 Qxd5 16. cxd5 Bxb2 {1-0 (33) Saada,J-Gosset,A (2067) Pau 2000}) 9. cxd5 Be7 10. O-O O-O 11. Nc3 Na6 12. Bf4 Re8 13. Re1 Bf8 14. Qa4 (14. Ne5 $16) 14... Nc7 $14 15. Rad1 a6 16. Bg5 Qc8 17. Qh4 h6 18. Bf4 Ncb5 ({Black should try} 18... Ndb5 $11) 19. Qg4 Nxc3 20. bxc3 Ne4 (20... Nb5 $14) 21. c4 ({Only move:} 21. Be5 $16) 21... Nc3 {[%emt 0:00:39] [#]} (21... d6 $1 $11 {remains equal.} 22. Qxc8 Bxc8) 22. Rd2 (22. Bd3 $1 $16 Nxd1 (22... d6 23. Qg3) 23. Rxd1) 22... d6 $11 23. Qxc8 Bxc8 24. Bd3 {[%emt 0:00:15] Inhibits Bf5.} Bg4 25. Kf1 g5 26. Be3 Rab8 27. Rc2 Na4 28. Nd2 (28. h3 $11 Bd7 29. Ree2) 28... Nb2 $17 29. Be2 Bf5 $36 {[%emt 0:00:01][%mdl 2048] White is under strong pressure.} 30. Rc3 Bg7 31. Ra3 Rb4 {[%emt 0:00:47] 0x0.001b68e84335dp-1022s more active pieces.} 32. g4 Bg6 33. Rxa6 {[%emt 0:00:21] [#]} Bc3 $1 {[%emt 0:00:01][%cal Oe8e3] White must now prevent ...Rxe3!} 34. Rxd6 {[#]} ({Of course not} 34. a3 Rbb8 35. a4 {[#]} (35. Rxd6 Rxe3 36. fxe3 Bxd2 $17) 35... Rxe3 $1 36. fxe3 Bxd2 $15) 34... Rxe3 $1 {[%emt 0:00:04][%mdl 576] Remove Defender} 35. fxe3 {[%emt 0:00:06] And now Rd8+ would win.} Bxd2 {[%emt 0:00:01] This bishop pair is nice.} 36. a3 (36. Rc6 $142) 36... Rb8 {[%emt 0:00:04][%mdl 1024] Black has strong compensation.} 37. Ra1 Na4 ({Weaker is} 37... Bxe3 38. a4 Bd4 39. Ra3 $17) 38. Bd1 $2 (38. Ra6 $17 Nc3 39. a4 (39. Kf2 $2 Ne4+ 40. Kg2 Rb2 $19)) 38... Bc3 {[%emt 0:00:14] Weighted Error Value: White=0.28 (precise) /Black=0.16 (very precise)} 0-1

[Event "HUN Women vs Morgan Stanley 2022"]
[Site "Budapest"]
[Date "2022.06.27"]
[Round "4.1"]
[White "Tomosvary, Attila"]
[Black "Hoang, Thanh Trang"]
[Result "0-1"]
[ECO "C14"]
[WhiteElo "2140"]
[BlackElo "2376"]
[Annotator "TA"]
[PlyCount "108"]
[EventDate "2022.06.27"]
[EventType "schev"]
[EventCountry "HUN"]
[SourceTitle "playchess.com"]
[Source "ChessBase"]
[SourceQuality "1"]
[TimeControl "900+2"]

1. e4 e6 2. d4 d5 3. Nc3 Nf6 4. Bg5 Be7 5. e5 Nfd7 6. Bxe7 Qxe7 7. f4 a6 8. Nf3 c5 9. dxc5 Nc6 10. Qd2 Nxc5 11. Bd3 b5 12. O-O Bb7 {[%emt 0:01:06] C14: French: Classical System: 4 Bg5 Be7 main line.} 13. Ne2 Rd8 14. Ned4 Ne4 {[%emt 0:01:06] White is slightly better.} 15. Qe3 O-O {[%emt 0:00:32] [#]} 16. Nxc6 $146 ({Predecessor:} 16. a4 Nxd4 17. Nxd4 bxa4 18. Rxa4 Nc5 19. Ra3 Nxd3 20. Rxd3 Rc8 21. f5 exf5 22. Nxf5 {1-0 (37) Barwinska,E (1826)-Suchanek,P (1547) Sypniewo 2021}) 16... Bxc6 17. Nd4 Bb7 18. Rf3 (18. a3 $14) 18... Qb4 19. Rb1 Qd2 (19... Nd2 $2 20. Bxh7+ $1 Kxh7 21. Rh3+ Kg8 22. c3 $18) 20. Rh3 Qxe3+ 21. Rxe3 Rc8 22. Bxe4 dxe4 23. c3 Bd5 24. a3 f6 25. exf6 Rxf6 26. g3 Kf7 27. Rd1 h5 (27... Rg8 $11 {is superior.}) 28. Nc2 ({White should try} 28. h4 $1 $14) 28... a5 (28... h4 $1 $11) 29. Nd4 (29. h4 $16) 29... Rb8 (29... h4 $11) 30. b4 (30. h4 $1 $14) 30... a4 ({Black should play} 30... h4 $11) 31. Rde1 ({Better is} 31. h4 $14) 31... Ke7 (31... h4 $5 ) 32. Rxe4 Bxe4 33. Rxe4 $11 {[%emt 0:00:01][%mdl 4096] Endgame Hoping for Nc6+. KRR-KRN} Kd7 {[%emt 0:00:14] Inhibits Nc6.} 34. Re5 h4 35. Nxb5 hxg3 36. hxg3 Rf5 37. Rxf5 exf5 {[%emt 0:00:01] KR-KN} 38. Nd4 (38. c4 $1 $11 {and White has nothing to worry.}) 38... g6 $2 (38... Rc8 $19 39. Nb5 Rc4) 39. Kf2 Rc8 {[%emt 0:00:01][%mdl 1024] Black has compensation.} 40. Ne2 Re8 41. Nd4 Re4 {[%emt 0:00:07] ...Kd6 is the strong threat.} 42. Kf3 $2 {[%emt 0:00:04][%mdl 8192] [#]} (42. Nf3 $11) 42... Re1 $1 $19 43. g4 Rf1+ $2 (43... fxg4+ $19 44. Kxg4 Rc1) 44. Kg2 $2 {[%emt 0:00:10][%mdl 8192] This move loses the game for White.} (44. Ke2 $17 Rxf4 45. gxf5) 44... Rxf4 45. gxf5 gxf5 46. Kg3 Rf1 {[%emt 0:00:02] ( -> ...Rc1)} 47. c4 Rc1 {[%emt 0:00:10] Black mates.} 48. c5 Rc3+ 49. Kf4 Rxa3 50. b5 Rd3 51. Ke5 a3 52. c6+ Kc7 53. Ne6+ Kb6 54. c7 Rc3 {[%emt 0:00:01] Weighted Error Value: White=0.89/Black=0.44} 0-1

[Event "HUN Women vs Morgan Stanley 2022"]
[Site "Budapest"]
[Date "2022.06.27"]
[Round "4.2"]
[White "Gara, Ticia"]
[Black "Novaky, Csaba"]
[Result "1-0"]
[ECO "C50"]
[WhiteElo "2367"]
[BlackElo "2091"]
[Annotator "TA"]
[PlyCount "73"]
[EventDate "2022.06.27"]
[EventType "schev"]
[EventCountry "HUN"]
[SourceTitle "playchess.com"]
[Source "ChessBase"]
[SourceQuality "1"]
[TimeControl "900+2"]

1. e4 e5 2. Nf3 Nc6 3. Bc4 Bc5 4. O-O Nf6 5. d3 O-O 6. c3 d6 7. h3 {[%emt 0:00:13] 7.Re1 is the modern continuation.} Bb6 8. a4 {[%emt 0:00:33] C54: Giuoco Piano: 4 c3 Nf6, main lines with 5 d4 and 5 d3.} a6 9. Nbd2 {[%emt 0:00:04] [#]} d5 $146 ({Predecessor:} 9... Ne7 10. a5 Ba7 11. Re1 Ng6 12. Nf1 c6 13. Ba2 Be6 14. Be3 Bxe3 15. Nxe3 Bxa2 16. Rxa2 {½-½ (32) Saric,I (2646)-Romanov,E (2599) Playchess.com INT 2020}) 10. exd5 {[%emt 0:00:02] White is slightly better.} Nxd5 11. Re1 Nf4 12. Nf1 Be6 13. Bxf4 Bxc4 14. Nxe5 Nxe5 15. Bxe5 Bxd3 16. a5 Ba7 {[#]} 17. Bxc7 $1 Qxc7 (17... Qf6 18. Ne3) 18. Qxd3 Rad8 19. Qf3 h6 20. Ne3 ({White should try} 20. Re2 $16) 20... Rd2 $1 $11 21. Re2 $36 {[%mdl 2048] White is more active.} Rfd8 (21... Rxe2 $11 22. Qxe2 Re8) 22. g3 (22. Rae1 $14) 22... Bxe3 (22... Rxe2 $1 $11 {keeps the balance.} 23. Qxe2 Re8) 23. Qxe3 $16 Rd1+ {[%emt 0:00:18] [#]} (23... R2d5 $142) 24. Rxd1 $1 Rxd1+ {[%emt 0:00:01][%mdl 4096] Endgame KQR-KQR} 25. Kg2 Qc6+ (25... Qxa5 $16 26. Qe8+ Kh7) 26. Qe4 $18 Qxe4+ 27. Rxe4 {[%emt 0:00:01] Black must now prevent Re8+. KR-KR} Rd5 (27... Kf8 $142 28. Kf3 Rd3+ 29. Ke2 Rd7) 28. Re8+ Kh7 29. b4 {[%emt 0:00:32] Re7 is the strong threat.} Rb5 $2 (29... Rd7 {is a better defense.} 30. c4 Rc7) 30. Kf3 Kg6 31. Ke4 {[%emt 0:00:02] Threatens to win with Re5.} Kf6 {[%emt 0:00:03] Prevents Re5.} 32. Kd4 Rh5 33. h4 g5 $2 (33... Rb5 34. f3 g6) 34. hxg5+ {[%emt 0:00:08] White is clearly winning.} hxg5 35. Rb8 Rh2 36. Ke3 Kf5 37. Rxb7 {[%emt 0:00:02] Weighted Error Value: White=0.14 (very precise) /Black=0.46} 1-0

[Event "HUN Women vs Morgan Stanley 2022"]
[Site "Budapest"]
[Date "2022.06.27"]
[Round "4.3"]
[White "Torma, Robert"]
[Black "Gaal, Zsoka"]
[Result "1/2-1/2"]
[ECO "A49"]
[WhiteElo "2421"]
[BlackElo "2323"]
[Annotator "TA"]
[PlyCount "67"]
[EventDate "2022.06.27"]
[EventType "schev"]
[EventCountry "HUN"]
[SourceTitle "playchess.com"]
[Source "ChessBase"]
[SourceQuality "1"]
[TimeControl "900+2"]

1. d4 Nf6 2. Nf3 g6 3. g3 Bg7 4. Bg2 O-O 5. O-O d6 6. Nc3 Nbd7 7. e4 e5 8. dxe5 dxe5 9. b3 c6 {[%emt 0:00:43] B07: Pirc Defence: Miscellaneous Systems.} 10. a4 Qa5 11. Qe1 Re8 12. Bb2 {[%emt 0:01:54] [#]} Nf8 $146 ({Predecessor:} 12... Bf8 13. Nd5 Qxe1 14. Nxf6+ Nxf6 15. Rfxe1 Bd6 16. h3 Nd7 17. Ba3 Bxa3 18. Rxa3 a5 {½-½ (47) Czoeppan,T (2039)-Von Schlippe,N (2032) Bayern 2017}) 13. Nd2 Qc7 14. Nc4 Ne6 (14... Be6 $5 ) 15. Ne2 {[%emt 0:00:10] Against Nd4} Nd7 16. Qd2 (16. a5 $14) 16... a5 17. f4 exf4 18. Bxg7 Nxg7 19. gxf4 Nc5 20. Ng3 Be6 21. Nd6 {[%emt 0:00:23] aiming for f5.} Red8 22. e5 Ne8 (22... Nf5 $14) 23. Nxe8 {[%emt 0:00:24] 0x0.002229e8a9d5dp-1022s more active pieces. The black rooks are badly placed.} Rxe8 24. f5 {[%emt 0:00:02] Black must now prevent Qe3.} Bd5 {[%emt 0:00:46] [#]} 25. Bxd5 (25. e6 $1 $16) 25... cxd5 $11 26. Rae1 (26. e6 $11) 26... Ne4 (26... Rxe5 $17 27. Rxe5 Qxe5) 27. Nxe4 $14 dxe4 {[%emt 0:00:00] [#]} 28. Rxe4 ({White should try} 28. e6 $1 $16) 28... Rxe5 $11 29. Rxe5 Qxe5 $14 {[%emt 0:00:01] KQR-KQR} 30. f6 (30. fxg6 $1 $11 hxg6 31. Qd7) 30... Qc5+ 31. Kh1 Qc6+ 32. Kg1 $1 Qc5+ 33. Kh1 $1 Qc6+ 34. Kg1 $1 {[%emt 0:00:02] Weighted Error Value: White=0.23 (precise) /Black=0.24 (precise)} 1/2-1/2

[Event "HUN Women vs Morgan Stanley 2022"]
[Site "Budapest"]
[Date "2022.06.27"]
[Round "4.4"]
[White "Lazarne Vajda, Szidonia"]
[Black "Lizak, Peter"]
[Result "1/2-1/2"]
[ECO "B13"]
[WhiteElo "2313"]
[BlackElo "2400"]
[Annotator "TA"]
[PlyCount "79"]
[EventDate "2022.06.27"]
[EventType "schev"]
[EventCountry "HUN"]
[SourceTitle "playchess.com"]
[Source "ChessBase"]
[SourceQuality "1"]
[TimeControl "900+2"]

1. e4 c6 2. d4 d5 3. exd5 cxd5 4. c4 Nf6 5. Nc3 Nc6 6. Nf3 Bg4 7. cxd5 Nxd5 8. Qb3 Bxf3 9. gxf3 e6 10. Qxb7 Nxd4 11. Bb5+ Nxb5 12. Qc6+ Ke7 13. Qxb5 Qd7 14. Bg5+ f6 15. Nxd5+ Qxd5 16. Qxd5 exd5 17. Be3 Ke6 18. O-O-O Bb4 19. a3 Rhc8+ {[%emt 0:00:02] The position is equal.} 20. Kb1 {[%emt 0:00:00] B13: Caro-Kann: Exchange Variation and Panov-Botvinnik Attack.} Bc5 21. Rhe1 {[%emt 0:00:19] [#] Strongly threatening Bxc5+.} Bxe3 22. Rxe3+ $11 {[%emt 0:01:42][%mdl 4096] Endgame KRR-KRR} Kd6 23. Rde1 Rc4 24. Re6+ Kc5 25. b4+ Kb5 26. Rd6 {[%emt 0:00:24] [#]} d4 $146 ({Predecessor:} 26... Ka4 27. Kb2 a5 28. Rxd5 axb4 29. axb4 Rac8 30. b5 Rb4+ 31. Ka1 Rc3 32. Re2 Ra3+ {½-½ (53) Bojkovic,N (2429)-Schuurman,P (2348) Novi Sad 2009}) 27. Kb2 a5 28. Rd5+ Ka4 29. Rxa5+ Rxa5 30. bxa5 Kxa5 {[%emt 0:00:17] KR-KR} 31. Re7 d3 32. Rxg7 Rc2+ 33. Kb3 Rxf2 34. Rxh7 {[%emt 0:00:05] next h4 is good for White.} Rxf3 35. Rh5+ Kb6 36. Kc3 f5 37. Rh8 Kc5 38. Rd8 d2+ 39. Kxd2 Rxa3 40. Rf8 {[%emt 0:00:02] Not much happened in this game.  Weighted Error Value: White=0.02 (flawless) /Black=0.01 (flawless)} 1/2-1/2

[Event "HUN Women vs Morgan Stanley 2022"]
[Site "Budapest"]
[Date "2022.06.27"]
[Round "4.5"]
[White "Torok, Sandor"]
[Black "Terbe, Julianna"]
[Result "1-0"]
[ECO "C36"]
[WhiteElo "2184"]
[BlackElo "2304"]
[Annotator "TA"]
[PlyCount "67"]
[EventDate "2022.06.27"]
[EventType "schev"]
[EventCountry "HUN"]
[SourceTitle "playchess.com"]
[Source "ChessBase"]
[SourceQuality "1"]
[TimeControl "900+2"]

1. e4 e5 2. f4 d5 3. exd5 exf4 4. Nf3 Nf6 5. Bc4 Nxd5 6. O-O Be6 7. Bxd5 Qxd5 8. d4 Be7 {[%emt 0:01:01] C36: King's Gambit Accepted: 3 Nf3 d5.} 9. Bxf4 c6 10. Nc3 Qh5 {[%emt 0:00:08] [#]} (10... Qd7 $11) 11. d5 $146 ({Predecessor:} 11. Qd2 O-O 12. Rae1 Nd7 13. Ng5 Bxg5 14. Bxg5 Nb6 15. Ne4 Bd5 16. Ng3 Qg6 17. Nf5 {1-0 (36) Schlange,S (2256)-Ertl,H Ruhrgebiet 1999}) 11... Bxd5 12. Nxd5 Qxd5 13. Re1 {[%emt 0:03:24][%cal Oe1e7] Hoping for Rxe7+!} Qc5+ (13... Qxd1 $16 14. Raxd1 c5) 14. Be3 $1 $18 Qa5 (14... Qd5 {keeps fighting.} 15. Bd4 c5) 15. Bd4 Kf8 16. Qe2 Qc7 {[%emt 0:00:51] [#]} 17. Bxg7+ $2 Kxg7 18. Qxe7 Qxe7 19. Rxe7 Na6 20. Rxb7 Rhb8 21. Rxb8 {[%emt 0:00:06] White is more active.} Rxb8 $16 {[%emt 0:00:01][%mdl 4096] Endgame KRN-KRN} 22. b3 Rd8 23. Kf2 Kf6 24. Ke2 Nb4 25. c3 Nd5 (25... Re8+ $16 26. Kf1 Nd5) 26. c4 Nf4+ 27. Kf2 Re8 28. Kg3 (28. Nd4 $142) 28... Ne2+ {[%emt 0:00:11] [#]} 29. Kf2 (29. Kh4 $142 $1) 29... Nf4 $1 30. Kf1 c5 (30... Re3 $16 31. Ne1 Ke7) 31. Rd1 $18 Re2 (31... a5 {was necessary.} 32. g3 Ne6) 32. g3 Re3 {[%emt 0:00:01] [#]} 33. Rd6+ $2 ({Don't take} 33. gxf4 $6 Rxf3+ 34. Kg2 Rxf4 $16) (33. Ne1 $1 $18 Ne2 34. Rd6+ Ke7 35. Ra6) 33... Ke7 $11 34. Nh4 $1 {[%emt 0:00:00][%mdl 32768] Weighted Error Value: White=0.56/Black=0.42. Loss on time!?} 1-0